 Dungeon Crawl Stone Soup version 0.30-a0-728-gc68057be0a (webtiles) character file.

Game seed: 1463303697869856692

73654 ders the Devastator (level 15, -4/64 HPs)
             Began as a Gargoyle Earth Elementalist on Jan 24, 2023.
             Was a High Priest of Vehumet.
             Hit by a large rock thrown by a cyclops (23 damage)
             ... on level 13 of the Dungeon on Jan 31, 2023.
             The game lasted 00:47:43 (28249 turns).

ders the Devastator (Gargoyle Earth Elementalist)  Turns: 28249, Time: 00:47:44

Health: -4/64      AC: 22    Str: 13    XL:     15   Next: 44%
Magic:  2/29       EV: 11    Int: 28    God:    Vehumet [*****.]
Gold:   2793       SH:  0    Dex:  8    Spells: 6/35 levels left

rFire   + + .      SeeInvis +    X - +0 falchion "Coklif" {venom, rF+ rC+ Dex-2 SInv}
rCold   + + .      Faith    .    (no shield)
rNeg    + + +      Spirit   .    v - +0 acid dragon scales
rPois   ∞          Reflect  .    (no helmet)
rElec   +          Harm     .    g - scarf {shadows}
rCorr   +          Rampage  .    e - +2 pair of gloves
Will    +....                    J - +1 pair of boots
Stlth   +                        a - amulet "Fyzxay" {RegenMP *Corrode rElec rF+ rN++}
HPRegen 0.30/turn                D - ring of protection from cold
MPRegen 0.61/turn                K - +6 ring of intelligence

@: flying, studying Ranged Weapons
A: sickness immunity, AC +11, big wings, negative energy resistance 1,
electricity resistance, torment resistance 1, petrification resistance, frail 1
a: Renounce Religion


You were on level 13 of the Dungeon.
You worshipped Vehumet.
Vehumet was extremely pleased with you.
You visited 4 branches of the dungeon, and saw 21 of its levels.
You also visited: Bailey, Ice Cave and Volcano.

You collected 3438 gold pieces.
You spent 645 gold pieces at shops.

Inventory:

Hand Weapons
 F - the +8 trident of the Octopus King {venom, rElec rPois}
   (You found it on level 6 of the Dungeon)

   rElec:     It insulates you from electricity.
   rPois:     It protects you from poison.
 X - the +0 falchion "Coklif" (weapon) {venom, rF+ rC+ Dex-2 SInv}
   (You took it off an orc on level 9 of the Dungeon)

   Dex:       It affects your dexterity (-2).
   rF:        It protects you from fire.
   rC:        It protects you from cold.
   SInv:      It lets you see invisible.
Armour
 e - a +2 pair of gloves (worn)
 g - a scarf of shadows (worn)
 j - a +0 pair of gloves of hurling
 v - +0 acid dragon scales (worn)
 J - a +1 pair of boots (worn)
Jewellery
 a - the amulet "Fyzxay" (around neck) {RegenMP *Corrode rElec rF+ rN++}
   (You found it on level 12 of the Dungeon)

   [amulet of magic regeneration]

   It increases your rate of magic regeneration.
   rF:        It protects you from fire.
   rElec:     It insulates you from electricity.
   rN:        It greatly protects you from negative energy.
   *Corrode:  It may corrode you when you take damage.
 k - a ring of wizardry
 m - a +6 ring of dexterity
 o - the ring of Fisozemen {*Corrode rElec rPois rC+}
   (You found it in an ice cave)

   [ring of protection from cold]

   rC:        It protects you from cold.
   rElec:     It insulates you from electricity.
   rPois:     It protects you from poison.
   *Corrode:  It may corrode you when you take damage.
 B - an amulet of reflection
 D - a ring of protection from cold (left hand)
 K - a +6 ring of intelligence (right hand)
 M - a ring of wizardry
 N - a ring of willpower
 O - a +6 ring of intelligence
 Y - a ring of magical power
Wands
 w - a wand of digging (5)
 A - a wand of roots (19)
 H - a wand of acid (5)
 P - a wand of paralysis (21)
Scrolls
 h - a scroll of enchant weapon
 i - 3 scrolls of magic mapping
 p - 2 scrolls of poison
 q - a scroll of summoning
 s - 2 scrolls of teleportation
 u - 2 scrolls of torment
 x - 2 scrolls of brand weapon
 y - 2 scrolls of silence
 I - 2 scrolls of fear
 Q - 2 scrolls of identify
 U - 2 scrolls of fog
 V - a scroll of immolation
 W - 5 scrolls of vulnerability
Potions
 b - 3 potions of magic
 c - 4 potions of mutation
 d - 5 potions of flight
 f - 5 potions of might
 l - 5 potions of berserk rage
 n - a potion of heal wounds
 r - 6 potions of curing
 t - a potion of invisibility
 z - a potion of haste
 E - 4 potions of lignification
 G - 2 potions of cancellation
 L - 3 potions of brilliance
 R - a potion of ambrosia
 T - 2 potions of degeneration
Miscellaneous
 C - a lightning rod (4/4)
 S - a phantom mirror


   Skills:
 - Level 1.5 Dodging
 - Level 2.1 Stealth
 + Level 10.7 Spellcasting
 * Level 17.1 Conjurations
 - Level 7.1 Transmutations
 * Level 8.6 Ice Magic
 - Level 5.3 Air Magic
 * Level 16.2 Earth Magic


You had 6 spell levels left.
You knew the following spells:

 Your Spells              Type           Power      Damage    Failure   Level
a - Sandblast             Erth           100%       2d20      0%          1
b - Stone Arrow           Conj/Erth      100%       3d13      0%          3
c - Passwall              Tmut/Erth      57%        N/A       1%          2
d - Freezing Cloud        Conj/Ice/Air   32%        6-21      1%          5
e - Iron Shot             Conj/Erth      41%        9d8       1%          6
f - Arcjolt               Conj/Air       33%        1d43      1%          5
g - Ozocubu's Refrigerat  Ice            29%        4d14      32%         7

Your spell library contained the following spells:

 Spells                   Type           Power      Damage    Failure   Level
 Yara's Violent Unravell  Hex/Tmut       17%        3d8       10%         5
 Poisonous Vapours        Pois/Air       58%        N/A       1%          2
 Mephitic Cloud           Conj/Pois/Air  54%        N/A       1%          3
 Ozocubu's Armour         Ice            59%        N/A       1%          3
 Petrify                  Tmut/Erth      69%        N/A       1%          4
 Necrotise                Necr           56%        1d6       5%          1
 Slow                     Hex            56%        N/A       5%          1
 Summon Small Mammal      Summ           56%        N/A       5%          1
 Call Canine Familiar     Summ           14%        N/A       16%         3
 Confusing Touch          Hex            14%        N/A       16%         3
 Summon Guardian Golem    Hex/Summ       14%        N/A       16%         3
 Vampiric Draining        Necr           14%        2d7       16%         3
 Metabolic Englaciation   Hex/Ice        19%        N/A       26%         5
 Simulacrum               Ice/Necr       19%        N/A       82%         6
 Agony                    Necr           14%        N/A       83%         5
 Cigotuvi's Dreadful Rot  Necr/Pois/Air  Unusable   N/A       N/A         2

Dungeon Overview and Level Annotations

Branches:
Dungeon (13/15)            Temple (1/1) D:4            Lair (5/5) D:8
 Shoals (0/4) Lair:2       Spider (0/4) Lair:2        Slime (0/5) Lair:5
    Orc (2/2) D:12            Elf (0/3) Orc:2        Bailey (visited)
  IceCv (visited)         Volcano (visited)
 Vaults: D:13-14

Altars:
Ashenzari
Cheibriados
Dithmenos
Elyvilon
Fedhas
Gozag
Hepliaklqana
Kikubaaqudgha
Makhleb
Nemelex Xobeh
Okawaru
Qazlal
Ru
Sif Muna
Trog
Uskayaw
Vehumet
Wu Jian
Xom
Yredelemnul
Zin
The Shining One
Jiyva

Shops:
D:4 =(*   D:12 (   Orc:1 [   Orc:2 ([=**

Portals:
Pandemonium: Orc:2

Annotations:
D:12 3 runed translucent doors, karrick's ghost, journeyman GrFi
Lair:1 exclusion: 2 oklob plants


Innate Abilities, Weirdness & Mutations

You are immune to sickness and miasma.
Your stone body is resilient. (AC +11)
You are immune to poison.
Your large and strong wings let you fly.
You resist negative energy. (rN+)
You are resistant to electric shocks. (rElec)
You are resistant to unholy torment.
You are immune to petrification.
You are frail. (-10% HP)


Message History

Unknown command.
Casting: Stone Arrow (safe; 0% risk of failure)
Confirm with . or Enter, or press ? or * to list all spells.
You don't have enough magic to cast this spell.
Casting: Stone Arrow (safe; 0% risk of failure)
Confirm with . or Enter, or press ? or * to list all spells.
Aiming: Sandblast (safe; 0% risk of failure)
Press: ? - help, Shift-Dir - straight line, f/p - cyclops
Aim: a cyclops, quivering large rocks (moderately wounded, 99% to hit)
The blast of sand hits the cyclops!!
The cyclops is almost dead.
The cyclops throws a large rock.
The large rock hits you!
Unknown command.
Casting: Sandblast (safe; 0% risk of failure)
Confirm with . or Enter, or press ? or * to list all spells.
Aiming: Sandblast (safe; 0% risk of failure)
Press: ? - help, Shift-Dir - straight line, f/p - cyclops
Aim: a cyclops, quivering large rocks (almost dead, 99% to hit)
The blast of sand hits the cyclops but does no damage.
The cyclops is almost dead.
Unknown command.
Casting: Sandblast (safe; 0% risk of failure)
Confirm with . or Enter, or press ? or * to list all spells.
Aiming: Sandblast (safe; 0% risk of failure)
Press: ? - help, Shift-Dir - straight line, f/p - cyclops
Aim: a cyclops, quivering large rocks (almost dead, 99% to hit)
The blast of sand hits the cyclops but does no damage.
The cyclops is almost dead.
The cyclops throws a large rock.
The large rock hits you!!
* * * LOW HITPOINT WARNING * * *
Unknown command.
Casting: Sandblast (safe; 0% risk of failure)
Confirm with . or Enter, or press ? or * to list all spells.
Aiming: Sandblast (safe; 0% risk of failure)
Press: ? - help, Shift-Dir - straight line, f/p - cyclops
Aim: a cyclops, quivering large rocks (almost dead, 99% to hit)
The blast of sand hits the cyclops.
The cyclops is almost dead.
The cyclops throws a large rock.
The large rock hits you!!
You die...

*,,.............#....##
*,,.............#.#.##
**,............##...#
*,,....#.....##.[.##
***#,**###########..##
**,,!.###########...##
*,,,................#
*,,,......=..###..####
*,,,...C..@..........#****
*,,,.....†..##.#####....,**
*,,,..).....##.#***,,...,,,
*,,,........##.#,,,,**##***
*,,,........#...,****
*,,,...(......#.**
*,,,..........,.#
*,,,,,,,,,,,..*##
*,,,,,,,,,,,,**


You could see a cyclops.

Vanquished Creatures
  Gastronok (Orc:1)
  A white draconian (IceCv)
  A catoblepas (Lair:3)
  3 hydras
  2 demonspawn (Orc:2)
  4 two-headed ogres
  3 orc high priests (Orc:2)
  Nergalle (Lair:1)
  Amaemon (D:8)
  2 lindwurms (Volcano)
  An orange crystal statue (D:13)
  Pikel (D:6)
  3 deep elf pyromancers
  7 orc sorcerers (Orc:2)
  7 ugly things (D:12)
  6 orc knights
  A manticore (D:11)
  12 elephants
  A toenail golem (Volcano)
  A merfolk siren (Lair:2)
  3 molten gargoyles (Volcano)
  6 black mambas
  A torpor snail (Lair:5)
  An orange demon (Lair:1)
  11 cane toads
  2 ice statues (IceCv)
  2 gargoyles (D:12)
  8 rime drakes
  7 komodo dragons
  3 efreet (Volcano)
  2 ice devils (D:13)
  8 trolls
  2 red devils (Orc:2)
  Grinder (D:3)
  6 polar bears (Lair:5)
  5 hornets (Lair:5)
  9 blink frogs
  A dream sheep (Lair:5)
  A shadow (D:11)
  2 vampires
  15 spriggans (Lair:5)
  2 steam dragons
  39 yaks
  6 basilisks
  A wyvern (D:9)
  2 chaos spawn (Orc:2)
  3 fire elementals (Volcano)
  A warg (shapeshifter) (D:13)
  3 wargs
  3 vampire mosquitoes (D:12)
  5 acid dragons
  21 water moccasins
  A sky beast (D:6)
  29 orc warriors
  2 ice beasts
  13 black bears
  4 boggarts (Lair:5)
  6 ogres
  25 wolves
  4 centaurs
  A wolf (shapeshifter) (D:12)
  A lemure (D:6)
  Blork the orc (D:4)
  3 kobold brigands
  12 bullfrogs
  2 gnoll sergeants
  3 necrophages
  An earth elemental (Volcano)
  4 scorpions
  5 wights (D:6)
  9 killer bees
  An electric eel (Lair:5)
  4 howler monkeys
  5 komodo dragon simulacra (IceCv)
  2 hounds
  A jelly (D:7)
  26 orc priests
  Crazy Yiuf (D:4)
  5 iguanas
  23 orc wizards
  5 hell rats (Lair:5)
  Robin (D:4)
  6 acid dragon simulacra (IceCv)
  10 gnolls
  11 adders
  2 shadow imps
  2 white imps
  10 steam dragon simulacra (IceCv)
  An ufetubus (D:7)
  5 worms
  3 dart slugs
  104 orcs
  9 endoplasms
  4 giant cockroaches
  20 goblins
  8 hobgoblins
  8 quokkas
  6 ball pythons
  4 bats
  4 frilled lizards
  14 kobolds
  6 rats
  3 fire vortices (Volcano)
681 creatures vanquished.

Vanquished Creatures (collateral kills)
  2 orc sorcerers (Orc:2)
  A red devil (Orc:2)
  3 wolves (Lair:1)
6 creatures vanquished.

Vanquished Creatures (others)
  An earth elemental (Volcano)
  A fire vortex (Volcano)
  56 fungi
  63 plants
  3 withered plants (Lair:4)
124 creatures vanquished.

Grand Total: 811 creatures vanquished

Notes
Turn   | Place    | Note
-------+----------+-------------------------------------------
     0 | D:1      | ders the Gargoyle Earth Elementalist began the quest for
                  | the Orb.
     0 | D:1      | Reached XP level 1. HP: 10/10 MP: 3/3
    74 | D:1      | Reached skill level 1 in Conjurations
    74 | D:1      | Reached skill level 1 in Transmutations
    74 | D:1      | Reached XP level 2. HP: 15/15 MP: 1/5
   143 | D:1      | Found a faded altar of an unknown god.
   225 | D:1      | Reached XP level 3. HP: 19/19 MP: 2/6
   975 | D:2      | Reached skill level 2 in Conjurations
  1356 | D:2      | Reached XP level 4. HP: 24/24 MP: 5/7
  1693 | D:3      | Noticed Grinder
  1704 | D:3      | Killed Grinder
  1705 | D:3      | Reached skill level 4 in Conjurations
  1705 | D:3      | Reached XP level 5. HP: 7/28 MP: 0/9
  1705 | D:3      | Reached XP level 6. HP: 8/32 MP: 0/10
  1808 | D:3      | Found a stormy altar of Qazlal.
  1885 | D:3      | Identified the +5 flail of Crystal {heavy, rCorr Str+3
                  | Dex-4 SInv}
  1961 | D:3      | Found a shadowy altar of Dithmenos.
  2380 | D:3      | Reached skill level 5 in Earth Magic
  2821 | D:3      | Upgraded the game from 0.30-a0-715-gdb4ae3ece1 to
                  | 0.30-a0-719-gcc4359ea44
  2866 | D:4      | Noticed Blork the orc
  2866 | D:4      | Found Tigogen's Jewellery Shoppe.
  2873 | D:3      | Learned a level 3 spell: Stone Arrow
  2900 | D:4      | Learned a level 2 spell: Passwall
  2921 | D:4      | Killed Blork the orc
  3031 | D:4      | Reached XP level 7. HP: 36/36 MP: 2/12
  3111 | D:4      | Found a staircase to the Ecumenical Temple.
  3135 | D:4      | Found Plog's Assorted Antiques.
  3167 | Temple   | Entered the Ecumenical Temple
  3172 | Temple   | Became a worshipper of Vehumet
  3190 | D:4      | Reached skill level 5 in Conjurations
  3330 | D:4      | Noticed Robin
  3348 | D:4      | Killed Robin
  3451 | D:4      | Reached * piety under Vehumet
  3451 | D:4      | Offered knowledge of Kiss of Death by Vehumet.
  3564 | D:4      | Found Siot's Weapon Emporium.
  3652 | D:4      | Found a runed translucent door.
  3653 | D:4      | Noticed Crazy Yiuf
  3906 | D:4      | Reached XP level 8. HP: 38/41 MP: 8/14
  3909 | D:4      | Reached skill level 6 in Conjurations
  4026 | D:4      | Found a burning altar of Makhleb.
  4531 | D:4      | Killed Crazy Yiuf
  4705 | D:5      | Entered Level 5 of the Dungeon
  4862 | D:5      | Found a shimmering blue altar of Sif Muna.
  5036 | D:5      | Reached ** piety under Vehumet
  5080 | D:5      | Reached skill level 7 in Conjurations
  5117 | D:5      | Offered knowledge of Static Discharge by Vehumet.
  5427 | D:5      | Found a basalt altar of Yredelemnul.
  5621 | D:5      | Upgraded the game from 0.30-a0-719-gcc4359ea44 to
                  | 0.30-a0-728-gc68057be0a
  5654 | D:6      | Noticed Pikel
  5662 | D:6      | Killed Pikel
  5663 | D:6      | Reached skill level 5 in Spellcasting
  5663 | D:6      | Reached skill level 8 in Conjurations
  5663 | D:6      | Reached XP level 9. HP: 16/45 MP: 5/16
  5780 | D:6      | Found the +8 trident of the Octopus King {venom, rElec
                  | rPois}
  6333 | D:6      | Reached skill level 9 in Conjurations
  6926 | D:7      | Reached skill level 5 in Transmutations
  7244 | D:7      | Reached XP level 10. HP: 50/50 MP: 11/18
  7389 | D:7      | Found an ancient bone altar of Kikubaaqudgha.
  7638 | D:7      | Found a glowing golden altar of the Shining One.
  7717 | D:8      | Identified a scroll of acquirement
  7730 | D:8      | Acquired 640 gold pieces
  7917 | D:8      | Offered knowledge of Dazzling Flash by Vehumet.
  8103 | D:8      | Reached skill level 10 in Conjurations
  8261 | D:8      | Found a flagged portal.
  8268 | Bailey   | Entered a bailey
  8288 | Bailey   | Reached *** piety under Vehumet
  8456 | Bailey   | Noticed an orc knight
  8463 | Bailey   | Killed an orc knight
  8503 | Bailey   | Offered knowledge of Sticky Flame by Vehumet.
  8623 | Bailey   | Found a large runed translucent door.
  8623 | Bailey   | Found a large runed translucent door.
  8623 | Bailey   | Noticed a deep elf pyromancer
  8733 | Bailey   | Killed a deep elf pyromancer
  8815 | D:8      | Noticed a two-headed ogre
  8818 | D:8      | Killed a two-headed ogre
  8819 | D:8      | Reached skill level 11 in Conjurations
  9116 | D:8      | Found Zin's Purification Station.
  9119 | D:8      | Found a glowing silver altar of Zin.
  9123 | D:8      | Bought a potion of curing for 90 gold pieces
  9256 | D:8      | Found a staircase to the Lair.
  9259 | D:8      | Reached XP level 11. HP: 54/54 MP: 14/21
  9264 | Lair:1   | Entered Level 1 of the Lair of Beasts
  9634 | Lair:1   | Noticed Nergalle
  9956 | Lair:1   | Killed Nergalle
  9957 | Lair:1   | Reached skill level 10 in Earth Magic
 10038 | Lair:1   | Noticed Amaemon
 10052 | Lair:1   | Reached skill level 12 in Conjurations
 10063 | D:8      | Killed Amaemon
 10388 | Lair:1   | You fall into a shaft and drop 1 floor!
 11011 | Lair:1   | Identified the -2 cloak "Hinukk" {Str+3 Slay+3}
 11136 | Lair:1   | Noticed an oklob plant
 11137 | Lair:1   | Noticed an oklob plant
 11266 | Lair:1   | Reached **** piety under Vehumet
 11271 | Lair:1   | Reached skill level 13 in Conjurations
 11395 | Lair:1   | Offered knowledge of Freezing Cloud by Vehumet.
 11396 | Lair:1   | Reached XP level 12. HP: 58/59 MP: 7/24
 11402 | Lair:1   | Learned a level 5 spell: Freezing Cloud
 11548 | Lair:1   | Reached skill level 1 in Ice Magic
 11643 | Lair:1   | Reached skill level 1 in Air Magic
 11851 | Lair:2   | Found a hole to the Spider Nest.
 12026 | Lair:2   | Identified the +7 rapier "Reesoxyo" {pain, Fragile Str+3
                  | Int+2 Dex+2}
 12417 | Lair:2   | Found a staircase to the Shoals.
 12830 | Lair:3   | Found a dark tunnel.
 12838 | Volcano  | Entered a volcano
 13516 | Volcano  | Reached ***** piety under Vehumet
 13675 | Volcano  | Offered knowledge of Iron Shot by Vehumet.
 13818 | Volcano  | Learned a level 6 spell: Iron Shot
 14120 | Lair:3   | Noticed a catoblepas
 14130 | Lair:3   | Killed a catoblepas
 14209 | Lair:3   | Reached skill level 14 in Conjurations
 15148 | Lair:4   | Noticed a four-headed hydra
 15152 | Lair:4   | Killed a four-headed hydra
 15153 | Lair:4   | Reached XP level 13. HP: 63/63 MP: 15/25
 16057 | Lair:5   | Entered Level 5 of the Lair of Beasts
 17455 | Lair:5   | Reached skill level 15 in Conjurations
 17577 | Lair:5   | Found a viscous altar of Jiyva.
 17578 | Lair:5   | Found a staircase to the Slime Pits.
 17602 | Lair:5   | Reached skill level 5 in Ice Magic
 18419 | Lair:4   | Gained mutation: Your large and strong wings let you fly.
                  | [Gargoyle growth]
 18419 | Lair:4   | Reached XP level 14. HP: 32/68 MP: 8/27
 18675 | Lair:5   | Offered knowledge of Arcjolt by Vehumet.
 20177 | Lair:5   | Learned a level 5 spell: Arcjolt
 20714 | D:9      | Found a shimmering altar of Xom.
 20753 | D:9      | Identified the +0 falchion "Coklif" {venom, rF+ rC+ Dex-2
                  | SInv}
 21275 | D:10     | Entered Level 10 of the Dungeon
 21286 | D:10     | Found a snail-covered altar of Cheibriados.
 21304 | D:10     | Reached skill level 5 in Air Magic
 21777 | D:10     | Found a blossoming altar of Fedhas.
 22956 | D:11     | Identified the +0 ring mail "Mickoff" {rF+ rCorr Int-5
                  | SInv}
 22980 | D:11     | Reached skill level 10 in Spellcasting
 23003 | D:11     | Reached skill level 16 in Conjurations
 23428 | D:12     | Found Udamied's Antique Weapon Shop.
 23491 | D:12     | Found a runed translucent gate.
 23491 | D:12     | Found a runed translucent gate.
 23492 | D:12     | Found a runed translucent gate.
 23685 | D:12     | Reached skill level 15 in Earth Magic
 23779 | D:12     | Offered knowledge of Ozocubu's Refrigeration by Vehumet.
 23788 | D:12     | Learned a level 7 spell: Ozocubu's Refrigeration
 23836 | D:12     | Gained mutation: You are frail. (-10% HP) [mutagenic glow]
 24196 | D:12     | Found a staircase to the Orcish Mines.
 24431 | D:12     | Identified the amulet "Fyzxay" {RegenMP *Corrode rElec rF+
                  | rN++}
 24645 | D:12     | Found a runed translucent gate.
 24645 | D:12     | Found a runed translucent gate.
 24649 | D:12     | Found a runed translucent gate.
 24651 | D:12     | Noticed a cacodemon
 24651 | D:12     | Noticed karrick's ghost (journeyman GrFi)
 24809 | Orc:1    | Entered Level 1 of the Orcish Mines
 24809 | Orc:1    | Noticed Gastronok
 24816 | Orc:1    | Killed Gastronok
 25216 | Orc:1    | Found Xuafiall's Antique Armour Emporium.
 25221 | Orc:1    | Bought a pair of runed gloves for 195 gold pieces
 25260 | Orc:2    | Entered Level 2 of the Orcish Mines
 25633 | Orc:2    | Found a staircase to the Elven Halls.
 25691 | Orc:2    | Found Nogumaiph's Antique Weapon Emporium.
 25831 | Orc:2    | Found Tukeest's General Store.
 25858 | Orc:2    | HP: 3/61 [orc knight/+3 war axe (4)]
 26075 | Orc:2    | Found Pawuum's General Store.
 26077 | Orc:2    | Offered knowledge of Yara's Violent Unravelling by Vehumet.
 26089 | Orc:2    | Reached XP level 15. HP: 64/64 MP: 11/29
 26991 | Orc:2    | Found Panofad's Jewellery Emporium.
 26991 | Orc:2    | Found Bypu's Antique Armour Shoppe.
 26992 | Orc:2    | Found a one-way gate leading to the halls of Pandemonium.
 26994 | Orc:2    | Bought a ring of wizardry for 360 gold pieces
 27453 | D:13     | Found a frozen archway.
 27457 | D:13     | Reached skill level 17 in Conjurations
 27560 | IceCv    | Entered an ice cave
 27979 | IceCv    | Identified the ring of Fisozemen {*Corrode rElec rPois rC+}
 28249 | D:13     | Hit by a large rock thrown by a cyclops

Illustrated notes

Levels and vault maps discovered:
D:1:      spicycebolla_arrival_clurvy, layout_basic, basic_ecumenical_altar,
          minmay_indecisive_spiral
D:2:      layout_basic, amcnicky_mini_rare_corridor_liquid,
          chequers_serial_rivers_large_a
D:3:      layout_loops_ring, lemuel_tele_altar,
          mainiacjoe_overflow_tiny_flanked, uniq_grinder
D:4:      layout_basic, mainiacjoe_overflow_alcove_4,
          minmay_temple_entry_proselytizer, serial_shops,
          nicolae_shop_hallway_plus, nicolae_stop_n_shop_1, nicolae_shop_trees,
          solitary_fountain, minmay_manual_maat, uniq_robin,
          uniq_crazy_yiuf_cottage, uniq_blork_the_orc
D:5:      layout_loops_ring, mainiacjoe_overflow_chevrons,
          mainiacjoe_overflow_cross_hatched, supply_closet_lemuel
D:6:      layout_rooms, hangedman_abyss_or_decor_slice, uniq_pikel
D:7:      layout_basic, kiku_gazebo_pond_becter, nicolae_tso_carved_into_rock
D:8:      layout_basic, zin_purify, grunt_lair_entry_orc_guard_hut,
          enter_bailey_2, kennysheep_generic_room_2
D:9:      layout_loops_cross, xom_teletrap_fun
D:10:     layout_irregular_city, lemuel_coloured_pillars_altar,
          mainiacjoe_overflow_six_doors_small, kennysheep_generic_room_6
D:11:     layout_small_grid, kennysheep_small_spiral
D:12:     layout_basic, hiddenorc2_lemuel,
          ploomutoo_gammafunk_ghost_potion_laboratory, serial_shops,
          nicolae_shop_behind_doors
D:13:     layout_rooms, portal_ice_cave_demonic_guard, minmay_tree_intersection,
          minivault_16
Temple:   minmay_freezing_vapour_temple
Lair:1:   minmay_lair_oklob_chamber, layout_misc_corridors, patterned_corridor,
          grunt_megastairs_2, uniq_nergalle, uniq_amaemon
Lair:2:   layout_cave_pods, minmay_shoals_entry_lonely_mermaid,
          nicolae_spider_entry_non_spiders
Lair:3:   layout_big_grid, enter_volcano_1
Lair:4:   layout_hall_layers, pdpol_lair_neglected_garden
Lair:5:   minmay_lair_end_enchanted_forest, layout_small_grid, slime_entry_1,
          gammafunk_lair_bear_cave
Orc:1:    layout_caves, serial_shops, shop, uniq_gastronok
Orc:2:    pf_orc_diabolical, layout_caves, serial_shops, nicolae_shop_stone

Skill      XL: |  1  2  3  4  5  6  7  8  9 10 11 12 13 14 15 |
---------------+----------------------------------------------+-----
Conjurations   | 1 2 4 5 8 9 11 13 14 15 16 17 | 17.1
Transmutations | 1 2 3 4 5 6 7 |  7.1
Earth Magic    | 4 5 7 8 9 10 12 14 15 16 | 16.2
Spellcasting   | 3 4 5 7 8 9 10 | 10.7
Ice Magic      | 3 5 7 8 |  8.6
Air Magic      | 3 4 5 |  5.3
Dodging        | |  1.5
Stealth        | |  2.1

Action                     |  1- 3 |  4- 6 |  7- 9 | 10-12 | 13-15 || total
---------------------------+-------+-------+-------+-------+-------++-------
  Melee: Unarmed           |    16 |       |       |       |       ||    16
         Flail             |       |     5 |    10 |       |       ||    15
         Trident           |       |       |     1 |     3 |    27 ||    31
         Falchion          |       |       |       |       |    37 ||    37
         Punch             |       |       |       |       |     1 ||     1
   Cast: Sandblast         |    50 |    59 |   123 |   106 |   175 ||   513
         Stone Arrow       |       |     5 |    52 |   232 |   391 ||   680
         Freezing Cloud    |       |       |       |     5 |    36 ||    41
         Iron Shot         |       |       |       |     3 |    44 ||    47
         Arcjolt           |       |       |       |       |    68 ||    68
  Evoke: Wand              |       |       |       |     4 |       ||     4
    Use: Potion            |       |     1 |       |     3 |    12 ||    16
         Scroll            |       |       |       |    22 |    22 ||    44
 Armour: Robe              |    15 |    14 |    24 |       |       ||    53
         Acid dragon scale |       |       |    42 |   101 |   356 ||   499
         Chain mail        |       |       |       |    23 |       ||    23
  Dodge: Dodged            |    20 |    25 |    64 |   129 |   367 ||   605

Table legend: (Time is in decaauts)
 A = Elapsed time spent in this place.
 B = Non-inter-level travel time spent in this place.
 C = Inter-level travel time spent in this place.
 D = Time resting spent in this place.
 E = Time spent auto-exploring this place.
 F = Levels seen in this place.
 G = Mean time per level.
                   A        B        C        D        E       F      G
               +--------+--------+--------+--------+--------+-----+--------+
         Total |  28573 |  27375 |   1198 |   6880 |  16589 |  24 | 1190.5 |
       Dungeon |  14275 |  13522 |    753 |   1713 |  10116 |  13 | 1098.1 |
        Temple |     12 |      8 |      4 |      0 |      0 |   1 |   12.0 |
          Lair |   9639 |   9337 |    302 |   3472 |   4587 |   5 | 1927.8 |
  Orcish Mines |   2367 |   2229 |    138 |    681 |   1112 |   2 | 1183.5 |
        Bailey |    551 |    551 |      0 |    131 |    237 |   1 |  551.0 |
      Ice Cave |    551 |    551 |      0 |    224 |    213 |   1 |  551.0 |
       Volcano |   1175 |   1175 |      0 |    659 |    323 |   1 | 1175.0 |
               +--------+--------+--------+--------+--------+-----+--------+

Top non-repeatable levels by time:
  Lair:5: 3004 daAuts
  Lair:4: 2090 daAuts
     D:4: 1841 daAuts
   Orc:2: 1837 daAuts
  Lair:1: 1775 daAuts
    D:12: 1647 daAuts
     D:8: 1488 daAuts
  Lair:2: 1451 daAuts
  Lair:3: 1317 daAuts
     D:3: 1260 daAuts
     D:7: 1197 daAuts
 Volcano: 1175 daAuts
    D:11: 1124 daAuts
     D:5: 1061 daAuts
    D:10: 1030 daAuts
